 Dungeon Crawl Stone Soup version 0.31-a0-1376-g36f0627844 (webtiles) character file.

Game seed: 11046881650297230652

1745329 iamserjio the Slayer (level 27, 269/269 HPs)
             Began as an Octopode Wanderer on Dec 23, 2023.
             Was an Elder of Okawaru.
             Escaped with the Orb
             ... and 3 runes
             ... and 2 gems on Dec 24, 2023!
             The game lasted 03:34:38 (79606 turns).

iamserjio the Slayer (Octopode Wanderer)           Turns: 79606, Time: 03:34:38

Health: 269/269    AC: 27    Str: 20    XL:     27
Magic:  32/32      EV: 42    Int: 16    God:    Okawaru [****..]
Gold:   3539       SH: 19    Dex: 32    Spells: 24/38 levels left

rFire   + . .        I - +9 demon blade (drain)
rCold   + + +        Y - +5 kite shield
rNeg    + + .        A - +0 hat "Ahemoig" {rC++ Dex+3}
rPois   ∞            U - amulet of regeneration
rElec   +            d - +6 ring of dexterity
rCorr   .            b - ring "Fon Ulal" {rElec rN+ Dex+2 Slay+6 Stlth+}
SInv    .            y - +5 ring of evasion
Will    +++..        i - +5 ring of evasion
Stlth   ++++         J - ring of willpower
HPRegen 1.44/turn    O - ring of protection from fire
MPRegen 0.23/turn    q - +6 ring of dexterity
                     g - ring of the Forgotten Queens {rC+ Slay+5}

%: no passive effects
@: statue-form, hasted, studying 2 skills
A: slow and powerful, torment resistance 1, boosted hp, almost no armour,
amphibious, 8 rings, camouflage 1, (gelatinous body 1), (nimble swimmer 1),
tentacles, screaming 1
0: Orb of Zot
}: 3/15 runes: decaying, silver, gossamer
a: Begin Untransformation, Renounce Religion, Heroism, Finesse


You escaped.
You worshipped Okawaru.
Okawaru was greatly pleased with you.
You were a living statue of rough stone.
You visited 9 branches of the dungeon, and saw 47 of its levels.
You visited the Abyss 1 time.
You also visited: Gauntlet and Wizlab.

You collected 7496 gold pieces.
You spent 3957 gold pieces at shops.

Inventory:

Hand Weapons
 I - a +9 demon blade of draining (weapon)
 S - the +7 Spriggan's Knife {stab, EV+4 Stlth+}
   (You found it on level 3 of the Elven Halls)

   Stab:      It is more effective when stabbing unaware enemies, sometimes
   treating them as though they were completely helpless.
   EV+4:      It affects your evasion (+4).
   Stlth+:    It makes you more stealthy.
Missiles
 f - 15 silver javelins (quivered)
 j - a throwing net {!f}
 v - 2 curare-tipped darts
 Q - a datura-tipped dart
 T - 21 javelins
 X - 8 atropa-tipped darts
Armour
 A - the +0 hat "Ahemoig" (worn) {rC++ Dex+3}
   (You found it on level 4 of the Vaults)

   Dex+3:     It affects your dexterity (+3).
   rC++:      It greatly protects you from cold.
 V - a +2 hat of willpower
 Y - a +5 kite shield (worn)
Jewellery
 b - the ring "Fon Ulal" (right tentacle) {rElec rN+ Dex+2 Slay+6 Stlth+}
   (You took it off a deep elf demonologist on level 3 of the Elven Halls)

   [ring of positive energy]

   Dex+2:     It affects your dexterity (+2).
   Slay+6:    It affects your accuracy & damage with ranged weapons and melee
   (+6).
   rElec:     It insulates you from electricity.
   rN+:       It protects you from negative energy.
   Stlth+:    It makes you more stealthy.
 d - a +6 ring of dexterity (left tentacle)
 g - the ring of the Forgotten Queens (on tentacle) {rC+ Slay+5}
   (You found it in a Gauntlet)

   [ring of protection from cold]

   Slay+5:    It affects your accuracy & damage with ranged weapons and melee
   (+5).
   rC+:       It protects you from cold.
 i - a +5 ring of evasion (on tentacle)
 l - a ring of resist corrosion
 q - a +6 ring of dexterity (on tentacle)
 t - a ring of protection from fire
 w - an amulet of reflection
 y - a +5 ring of evasion (on tentacle)
 G - a ring of protection from fire
 H - a ring of ice
 J - a ring of willpower (on tentacle)
 O - a ring of protection from fire (on tentacle)
 R - a ring of see invisible
 U - an amulet of regeneration (around mantle)
Talismans
 Z - a granite talisman (active)
Wands
 h - a wand of acid (31) {@v1}
 z - a wand of digging (16) {@v3}
 F - a wand of mindburst (36)
 N - a wand of roots (47)
Scrolls
 c - 7 scrolls of teleportation {@r3}
 m - 3 scrolls of silence
 n - 2 scrolls of revelation
 u - 5 scrolls of fear
 x - 9 scrolls of immolation
 E - 12 scrolls of fog
 K - 3 scrolls of blinking {@r4}
Potions
 a - 6 potions of magic
 e - 2 potions of ambrosia
 o - 5 potions of mutation
 r - 6 potions of cancellation
 s - 21 potions of curing {@q1}
 B - 7 potions of heal wounds {@q2}
 C - 6 potions of lignification
 D - 5 potions of invisibility
 L - 2 potions of haste {@q4}
 M - 10 potions of might {@q3}
 P - 3 potions of resistance {@q5}
 W - 2 potions of enlightenment
Miscellaneous
 k - a phial of floods
 p - a lightning rod (4/4)


   Skills:
 - Level 22.0 Fighting
 + Level 15.3 Long Blades
 - Level 3.0(3.3) Axes
 - Level 2.0(2.8) Maces & Flails
 - Level 18.0 Throwing
 - Level 17.2 Dodging
 - Level 17.3 Stealth
 - Level 8.0 Shields
 - Level 6.0 Spellcasting
 - Level 3.9 Summonings
 - Level 8.0 Translocations
 - Level 7.7 Ice Magic
 * Level 10.3 Earth Magic
 * Level 11.0 Alchemy
 - Level 12.0 Invocations
 * Level 13.8 Evocations
 - Level 16.0 Shapeshifting


You had 24 spell levels left.
You knew the following spells:

 Your Spells              Type           Power      Damage    Failure   Level
a - Lesser Beckoning      Tloc           60%        N/A       1%          2
b - Manifold Assault      Tloc           30%        N/A       11%         4
c - Passwall              Alch/Erth      31%        N/A       1%          2
d - Blink                 Tloc           60%        N/A       1%          2
f - Ozocubu's Armour      Ice            29%        N/A       3%          3
g - Apportation           Tloc           60%        N/A       1%          1

Your spell library contained the following spells:

 Spells                   Type           Power      Damage    Failure   Level
 Freeze                   Ice            100%       1d10      1%          1
 Sandblast                Erth           74%        2d16      1%          1
 Sting                    Conj/Alch      88%        1d8       3%          1
 Frozen Ramparts          Ice            58%        1d9       3%          3
 Gell's Gravitas          Tloc           30%        N/A       3%          3
 Teleport Other           Tloc           30%        N/A       3%          3
 Olgreb's Toxic Radiance  Alch           40%        N/A       3%          4
 Mercury Vapours          Alch/Air       44%        N/A       4%          2
 Ensorcelled Hibernation  Hex/Ice        34%        N/A       9%          2
 Momentum Strike          Conj/Tloc      34%        3d8       9%          2
 Alistair's Intoxication  Alch           26%        N/A       9%          5
 Stone Arrow              Conj/Erth      42%        3d9       11%         3
 Lee's Rapid Deconstruct  Erth           18%        3d11*     12%         5
 Hailstorm                Conj/Ice       17%        3d6       17%         3
 Mephitic Cloud           Conj/Alch/Air  16%        N/A       19%         3
 Foxfire                  Conj/Fire      16%        2x1d4     28%         1
 Magic Dart               Conj           16%        1d3       28%         1
 Necrotise                Necr           20%        1d5       28%         1
 Slow                     Hex            16%        N/A       28%         1
 Sticky Flame             Fire/Alch      22%        2d6       28%         4
 Brom's Barrelling Bould  Conj/Erth      21%        2d4       34%         4
 Jinxbite                 Hex            8%         N/A       38%         2
 Scorch                   Fire           8%         2d5       38%         2
 Static Discharge         Conj/Air       8%         3-4/arc   38%         2
 Eringya's Noxious Bog    Alch           20%        4d6       43%         6
 Dimensional Bullseye     Hex/Tloc       8%         N/A       47%         4
 Vhi's Electric Charge    Tloc/Air       34%        N/A       47%         4
 Confusing Touch          Hex            4%         N/A       63%         3
 Fugue of the Fallen      Necr           5%         N/A       63%         3
 Inner Flame              Hex/Fire       4%         N/A       63%         3
 Sigil of Binding         Hex            4%         N/A       63%         3
 Swiftness                Air            4%         N/A       63%         3
 Vampiric Draining        Necr           5%         2d6       63%         3
 Yara's Violent Unravell  Hex/Alch       11%        3d6       63%         5
 Borgnjor's Vile Clutch   Necr/Erth      10%        N/A       67%         5
 Metabolic Englaciation   Hex/Ice        8%         N/A       85%         5
 Dispersal                Tloc           15%        N/A       85%         6
 Airstrike                Air            2%         2d(1-17)  95%         4
 Anguish                  Hex/Necr       2%         N/A       95%         4
 Cause Fear               Hex            2%         N/A       95%         4
 Flame Wave               Conj/Fire      4%         2d5       95%         4
 Freezing Cloud           Conj/Ice/Air   6%         6-21      95%         5
 Bombard                  Conj/Erth      10%        9d3       99%         6
 Arcjolt                  Conj/Air       2%         1d12      100%        5
 Fireball                 Conj/Fire      2%         3d4       100%        5
 Iskenderun's Battlesphe  Conj           4%         2d6       100%        5
 Conjure Ball Lightning   Conj/Air       2%         3x3d6     100%        6
 Plasma Beam              Fire/Air       2%         2x1d12    100%        6
 Starburst                Conj/Fire      2%         6d3       100%        6
 Enfeeble                 Hex            2%         N/A       100%        7
 Orb of Destruction       Conj           2%         9d5       100%        7
 Discord                  Hex            2%         N/A       100%        8
 Disjunction              Tloc           15%        N/A       100%        8
 Summon Small Mammal      Summ           Unusable   N/A       N/A         1
 Call Imp                 Summ           Unusable   N/A       N/A         2
 Animate Armour           Summ/Erth      Unusable   N/A       N/A         4
 Call Canine Familiar     Summ           Unusable   N/A       N/A         3
 Sublimation of Blood     Necr           Unusable   N/A       N/A         2
 Summon Forest            Summ/Tloc      Unusable   N/A       N/A         5
 Summon Lightning Spire   Summ/Air       Unusable   N/A       N/A         4
 Animate Dead             Necr           Unusable   N/A       N/A         4
 Death Channel            Necr           Unusable   N/A       N/A         6
 Simulacrum               Ice/Necr       Unusable   N/A       N/A         6
 Summon Cactus Giant      Summ           Unusable   N/A       N/A         6
 Spellforged Servitor     Conj/Summ      Unusable   N/A       N/A         7
 Summon Hydra             Summ           Unusable   N/A       N/A         7

Dungeon Overview and Level Annotations

Branches:
Dungeon (15/15)            Temple (0/1) D:7            Lair (5/5) D:8
  Swamp (4/4) Lair:3       Spider (4/4) Lair:3        Slime (0/5) Lair:5
    Orc (2/2) D:9             Elf (3/3) Orc:2        Vaults (5/5) D:14
  Crypt (0/3) Vaults:3     Depths (4/4) D:15            Zot (5/5) Depths:4
 WizLab (visited)         Gauntlet (visited)

Altars:
Ashenzari
Cheibriados
Elyvilon
Gozag
Okawaru
Qazlal
Ru
Sif Muna
Trog
Vehumet
Wu Jian
Xom
Zin
The Shining One
Jiyva

Shops:
D:1 ?   D:6 (   D:10 :   Orc:2 !*=[   Elf:1 [(((   Elf:3 !*   Vaults:2 **

Portals:
Hell: Depths:1 Depths:2 Depths:3
Abyss: Depths:1 Depths:2 Depths:3
Pandemonium: Orc:2 Depths:2
Ziggurat: Depths:3

Annotations:
Depths:2 1 exclusion
Depths:4 exclusion: 2 doors


Innate Abilities, Weirdness & Mutations

You are a living statue of rough stone.
Your actions are slow, but your melee attacks are powerful.
You are resistant to unholy torment.
Your maximum health is greatly increased.
You cannot wear most types of armour.
You are amphibious.
You can wear up to eight rings at the same time.
You are immune to poison.
Your skin changes colour to match your surroundings (Stealth+).
((Your rubbery body absorbs attacks. (AC +1, EV +1)))
((You are camouflaged when in or above water. (Stealth+)))
You have tentacles for arms and can constrict up to eight enemies at once.
You occasionally shout uncontrollably at your foes.


Message History

Okawaru accepts your kill.
There is a stone staircase leading up here.
There are no items here.
You climb upwards.
There is a stone staircase leading down here.
A daeva comes into view.
It is wielding a +4 scimitar of holy wrath.
You feel yourself speed up.
You feel like a meek peon again.
There is a stone staircase leading up here.
You climb upwards.
There is a stone staircase leading down here.
A smoke demon comes into view.
You yell at the smoke demon!
You closely miss the smoke demon. You slash the smoke demon!
The smoke demon gestures at you. The ball of steam misses you.
You cut the smoke demon into ribbons!!!!
You kill the smoke demon!
Okawaru accepts your kill.
Your extra speed is starting to run out.
You feel yourself slow down.
A sun demon comes into view.
You yell at the sun demon!
A Zicoed and a shadow demon come into view.
A sun demon comes into view.
Press: ? - help, v - describe, . - travel
Here: Zicoed The floor.
You feel yourself speed up.
Zicoed gestures.
Zicoed seems to speed up.
The shadow demon gestures.
Blink to where?
Press: ? - help, Dir - move target A shadow demon comes into view.
As you read the scroll of blinking {@r4}, it crumbles to dust.
There is a staircase leading out of the dungeon here.
Zicoed gestures.
You have escaped!

#.#.############.....#
#.#.##.....### #.....#
#.#.#.†......###...#.#
#.#.#.........##...#.#
#.#.###...##..##...#.# #.#.#
#######..#...#.# #.#######
##'#2###.# #.##....# #....##.#
#.##....# #.8..##.# #.##....#
######.###.##### #.##.####
#......&B.2..§.####### #.##.###
#.##...###B###...33... #......#
#...........##########
######.#######...#...#.#########
#..........................
#############..##.#########
##...##


You could see Zicoed (fast), a shadow demon and a giant cockroach (summoned).

Vanquished Creatures
  4 dread liches (Zot:5)
  An ancient lich (Zot:5)
  Mennas (Vaults:4)
  7 orbs of fire (Zot:5)
  A juggernaut (Depths:2)
  3 Killer Klowns (Zot:5)
  9 golden dragons
  Arachne (Spider:2)
  A Tzitzimitl (D:3)
  4 electric golems
  A Brimstone Fiend (Zot:5)
  Jorgrun (Elf:2)
  12 tentacled monstrosities
  A Hell Sentinel (Zot:3)
  5 titans
  27 Orb Guardians
  3 deep elf blademasters
  5 liches
  2 deep elf master archers (Elf:3)
  Asterion (Spider:2)
  A walking crystal tome (Depths:2)
  6 quicksilver dragons
  2 sphinxes
  5 death cobs
  Gastronok (D:11)
  Aizul (Swamp:2)
  11 tengu reavers
  12 storm dragons
  The ghost of chipmonk the Markshill orc, an adept HOHu of Beogh (Elf:3)
  Donald (Elf:3)
  9 shadow dragons
  Roxanne (Spider:4)
  7 protean progenitors
  A draconian knight (Depths:4)
  3 draconian shifters
  16 frost giants
  An iron dragon (Vaults:5)
  12 fire giants
  17 vault wardens
  6 deep elf sorcerers
  9 emperor scorpions
  A deep elf elementalist (Elf:2)
  A spriggan defender (Depths:2)
  7 ghost moths
  3 orc warlords
  A draconian annihilator (Zot:4)
  A cacodemon (Depths:2)
  3 war gargoyles
  30 very ugly things
  20 ironbound preservers
  20 stone giants
  2 broodmothers (Zot:5)
  14 ironbound thunderhulks
  3 vampire knights
  2 eleionomae
  3 green draconians
  6 deep elf demonologists
  2 deep elf annihilators (Elf:3)
  8 deep elf death magi
  5 purple draconians
  A minotaur (Gauntlet)
  Azrael (D:15)
  19 spark wasps
  5 yellow draconians
  5 red draconians
  12 dire elephants
  A white draconian (Zot:5)
  7 bunyips
  A blizzard demon (Zot:4)
  An eidolon (Vaults:3)
  9 ettins
  4 shambling mangroves
  A crystal guardian (Vaults:4)
  9 entropy weavers
  9 fire dragons
  A jiangshi (Vaults:3)
  7 great orbs of eyes
  The ghost of TheSeeker391 the Cleaver, a journeyman HOFi of Okawaru (Orc:2)
  16 yaktaur captains
  2 rakshasas
  10 ice dragons
  4 deep elf high priests
  3 demonspawn (Orc:2)
  6 ogre magi
  2 peacekeepers
  2 ghost crabs
  Erolcha (D:11)
  3 radroaches
  32 vault guards
  24 hydras
  10 ironbound frosthearts
  13 alligators
  5 spriggan air magi
  A salamander tyrant (Depths:2)
  4 catoblepae
  A sphinx zombie (Depths:1)
  13 two-headed ogres
  8 jorogumos
  An anaconda (shapeshifter) (Vaults:3)
  10 centaur warriors
  27 dancing weapons
  2 two-headed ogres (shapeshifter) (Vaults:5)
  2 vampire magi (Depths:4)
  9 boulder beetles
  6 tengu warriors
  15 death yaks
  9 deep troll earth magi
  A sphinx skeleton (Vaults:4)
  8 deep troll shamans
  2 occultists
  3 spriggan berserkers
  3 shock serpents (Vaults:3)
  9 demonic crawlers
  Urug (D:10)
  10 orc high priests
  3 soul eaters
  11 deep elf knights
  7 goliath frogs
  A fire crab (Gauntlet)
  A skyshark (shapeshifter) (Vaults:5)
  13 hell knights
  4 skysharks
  2 salamander mystics
  6 iron trolls
  A sea snake (shapeshifter) (Depths:2)
  8 skeletal warriors
  3 pharaoh ants
  A sixfirhy (Depths:2)
  5 spriggan druids
  7 orb spiders
  51 deep trolls
  A shadow demon (Depths:2)
  A sun moth (shapeshifter) (Vaults:5)
  2 glowing orange brains
  2 death drakes (Zot:5)
  8 bog bodies
  5 large abominations (D:12)
  A sun moth (Spider:4)
  18 ironbound convokers
  10 arcanists
  Pikel (D:4)
  14 swamp dragons
  10 steelbarb worms
  9 necromancers
  14 deep elf archers
  A frost giant zombie (Depths:1)
  6 phantasmal warriors
  32 deep elf pyromancers
  2 stone giant zombies
  9 orc sorcerers
  30 deep elf zephyrmancers
  5 lindwurms
  An elf skeleton (Vaults:3)
  45 ugly things
  6 cyclopes
  A will-o-the-wisp (Swamp:4)
  17 orc knights
  4 manticores
  28 wolf spiders
  The ghost of YordlordTheGreat the Caller, a novice MfSu of Sif Muna (D:6)
  3 worldbinders (Vaults:3)
  A faun (shapeshifter) (Vaults:5)
  A rust devil (Orc:2)
  15 moths of wrath
  9 salamanders (Depths:2)
  15 vault sentinels
  8 elephants (Lair:5)
  2 smoke demons
  2 black mambas
  3 kobold blastminers
  2 moths of wrath (shapeshifter)
  5 torpor snails
  2 molten gargoyles (Depths:2)
  6 gargoyles
  Joseph (D:8)
  2 naga magi
  An unseen horror (shapeshifter) (Spider:3)
  A kobold demonologist (D:14)
  17 cane toads
  A rime drake (Lair:4)
  7 komodo dragons
  An efreet (D:10)
  2 yaktaur skeletons (Vaults:3)
  3 freezing wraiths
  6 tengu conjurers
  A tormentor (D:6)
  40 yaktaurs
  4 ice devils
  3 hellwings
  3 meliai (Spider:4)
  10 tyrant leeches
  12 trolls
  4 polar bears
  34 tarantellas
  22 hornets
  A glass eye (Depths:1)
  A raiju (shapeshifter) (Vaults:5)
  15 blink frogs
  3 raiju (Vaults:3)
  A frost giant simulacrum (Vaults:2)
  17 dream sheep
  34 slime creatures
  2 shadows
  A snapping turtle (shapeshifter) (Depths:2)
  19 jumping spiders
  21 culicivoras
  3 air elementals
  A jumping spider (shapeshifter) (D:14)
  A spriggan (shapeshifter) (D:15)
  19 spriggans
  Sigmund (D:3)
  A centaur simulacrum (D:15)
  2 vampires
  5 wyverns
  A yak (shapeshifter) (D:14)
  9 water elementals
  Eustachio (D:4)
  49 yaks
  8 basilisks
  4 fire bats (Gauntlet)
  An ettin skeleton (Vaults:3)
  9 wraiths
  10 fire elementals
  59 redbacks
  3 wargs (Orc:2)
  3 steam dragons
  17 vampire mosquitoes
  18 swamp worms
  3 acid dragons
  21 water moccasins
  An ice beast (D:7)
  A glowing shapeshifter skeleton (Vaults:2)
  4 hell hounds
  2 black bears
  10 swamp drakes
  37 orc warriors
  2 sky beasts
  7 small abominations (D:12)
  16 ogres
  4 boggarts
  12 wolves
  3 centaurs
  2 human skeletons
  4 lemures (D:4)
  2 kobold brigands (D:9)
  12 bullfrogs
  A glowing shapeshifter simulacrum (Vaults:4)
  2 earth elementals
  33 scorpions
  10 wights
  11 howler monkeys
  3 electric eels
  4 crimson imps (D:7)
  A human simulacrum (Vaults:4)
  13 hounds
  24 orc priests
  4 jellies
  A sleepcap (D:6)
  2 iguanas
  22 orc wizards
  4 lightning spires (Vaults:3)
  Robin (D:4)
  4 adders
  A river rat (D:10)
  A shadow imp (D:6)
  3 white imps
  2 bombardier beetles
  6 ufetubi (D:6)
  3 dart slugs
  86 orcs
  7 endoplasms
  5 giant cockroaches
  15 goblins
  8 hobgoblins
  5 jackals (D:1)
  15 kobolds
  7 quokkas
  11 ball pythons
  7 bats
  2 frilled lizards (D:2)
  12 rats
  An aspiring flesh (Zot:5)
  A butterfly (Swamp:2)
2195 creatures vanquished.

Vanquished Creatures (others)
  2 liches (D:8)
  An Orb Guardian (D:8)
  2 fire giants (Depths:3)
  An ice dragon (Depths:3)
  A dancing weapon (Elf:3)
  A hell knight (Depths:3)
  A deep elf knight (Elf:3)
  An ice devil (D:8)
  2 bloated husks
  A water elemental (Elf:1)
  4 orc wizards (Orc:1)
  An orc (Orc:1)
  2 ball lightnings (D:8)
  2 foxfires (Swamp:4)
22 creatures vanquished.

Grand Total: 2217 creatures vanquished

Notes
Turn   | Place    | Note
-------+----------+-------------------------------------------
     0 | D:1      | iamserjio the Octopode Wanderer began the quest for the
                  | Orb.
     0 | D:1      | iamserjio set off with the following items: a +3 hand axe,
                  | a +0 mace, a scroll of teleportation {@r3}.
     0 | D:1      | Reached XP level 1. HP: 16/16 MP: 1/1
   166 | D:1      | Reached XP level 2. HP: 18/21 MP: 2/2
   614 | D:1      | Found Hihok's Magic Scroll Boutique.
   622 | D:1      | Bought a scroll of noise for 11 gold pieces
   659 | D:1      | Reached XP level 3. HP: 21/26 MP: 3/3
   941 | D:1      | Reached skill level 1 in Dodging
  1049 | D:1      | Bought a scroll of identify for 22 gold pieces
  1049 | D:1      | Bought a scroll of identify for 22 gold pieces
  1524 | D:2      | Reached XP level 4. HP: 31/33 MP: 4/4
  1565 | D:2      | Reached skill level 4 in Fighting
  1866 | D:2      | Learned a level 3 spell: Frozen Ramparts
  1963 | D:3      | Noticed a bullfrog
  1963 | D:3      | Found a sacrificial altar of Ru.
  2063 | D:3      | Noticed Sigmund
  2165 | D:1      | Bought 3 scrolls of fear for 132 gold pieces
  2335 | D:3      | Killed Sigmund
  2336 | D:3      | Reached skill level 1 in Spellcasting
  2336 | D:3      | Reached XP level 5. HP: 37/37 MP: 4/7
  2336 | D:3      | Reached XP level 6. HP: 43/43 MP: 4/8
  2353 | D:3      | Learned a level 3 spell: Call Canine Familiar
  2623 | D:3      | Became a worshipper of Ru the Awakened
  2742 | D:3      | Found a stormy altar of Qazlal.
  2742 | D:3      | Noticed a sky beast
  2795 | D:3      | Killed a sky beast
  2798 | D:3      | Found an iron altar of Okawaru.
  2810 | D:3      | Fell from the grace of Ru
  2810 | D:3      | Became a worshipper of Warmaster Okawaru
  2948 | D:4      | Reached XP level 7. HP: 43/48 MP: 10/10
  3028 | D:4      | Noticed Eustachio
  3044 | D:4      | Killed Eustachio
  3045 | D:4      | Reached skill level 1 in Invocations
  3488 | D:4      | Identified the +1 helmet of Ignis, Hurting {rElec rPois}
  3488 | D:4      | Noticed Robin
  3501 | D:4      | Killed Robin
  3504 | D:4      | Reached skill level 5 in Fighting
  3551 | D:4      | Reached * piety under Okawaru
  3763 | D:4      | Noticed Pikel
  4430 | D:1      | Bought a scroll of teleportation for 33 gold pieces
  4430 | D:1      | Bought a scroll of identify for 22 gold pieces
  4430 | D:1      | Bought a scroll of fog for 44 gold pieces
  4586 | D:5      | Entered Level 5 of the Dungeon
  4587 | D:5      | Found a glowing golden altar of the Shining One.
  4740 | D:5      | Reached XP level 8. HP: 57/57 MP: 11/11
  4955 | D:5      | Noticed a yak
  4955 | D:5      | Noticed a yak
  5049 | D:5      | Reached skill level 6 in Fighting
  5070 | D:5      | Reached skill level 1 in Stealth
  5732 | D:5      | Noticed a yak
  5850 | D:5      | Reached skill level 5 in Stealth
  5863 | D:5      | Found a glowing silver altar of Zin.
  5864 | D:5      | Found a snail-covered altar of Cheibriados.
  6452 | D:6      | Noticed YordlordTheGreat's ghost (novice MfSu)
  6455 | D:6      | Found a runed translucent door.
  6500 | D:6      | Reached skill level 1 in Long Blades
  6780 | D:6      | Found Poudueph's Antique Weapon Shop.
  7114 | D:6      | Reached XP level 9. HP: 52/62 MP: 12/12
  7738 | D:7      | Found a shimmering altar of Xom.
  8048 | D:7      | Reached skill level 5 in Long Blades
  8048 | D:7      | Reached skill level 1 in Ice Magic
  8265 | D:7      | Found a staircase to the Ecumenical Temple.
  9603 | D:4      | Killed Pikel
  9603 | D:4      | Reached ** piety under Okawaru
  9604 | D:4      | Reached skill level 5 in Dodging
  9604 | D:4      | Reached XP level 10. HP: 43/69 MP: 11/13
 10429 | D:8      | Reached skill level 7 in Fighting
 11406 | D:8      | Found a white marble altar of Elyvilon.
 11470 | D:8      | Noticed Joseph
 11969 | D:9      | Found a staircase to the Orcish Mines.
 12093 | D:9      | Found a broken altar of Ashenzari.
 12339 | D:7      | Reached *** piety under Okawaru
 12786 | D:8      | Found a staircase to the Lair.
 12852 | D:8      | Reached skill level 8 in Fighting
 12938 | D:8      | Reached XP level 11. HP: 69/77 MP: 15/15
 13498 | D:10     | Entered Level 10 of the Dungeon
 13567 | D:10     | Noticed a two-headed ogre
 13700 | D:10     | Noticed a two-headed ogre
 13721 | D:10     | Noticed Urug
 13792 | D:10     | Killed a two-headed ogre
 13798 | D:10     | Killed a two-headed ogre
 13979 | D:10     | Found an ornate altar of the Wu Jian Council.
 14118 | D:11     | Learned a level 2 spell: Passwall
 14179 | D:11     | Noticed Erolcha
 14242 | D:11     | Noticed a red ugly thing
 14392 | D:10     | Found Etiumn's Book Boutique.
 14400 | D:10     | Bought a book of Minor Magic for 224 gold pieces
 14403 | D:10     | Learned a level 2 spell: Blink
 14607 | D:11     | Noticed Gastronok
 14652 | D:11     | Noticed a boulder beetle
 14663 | D:11     | Noticed a two-headed ogre
 14669 | D:11     | Killed a two-headed ogre
 14670 | D:11     | Reached skill level 9 in Fighting
 16218 | D:12     | Reached **** piety under Okawaru
 16723 | D:12     | Noticed a rakshasa
 16894 | D:6      | Killed YordlordTheGreat's ghost
 17029 | D:1      | Bought a scroll of enchant weapon for 82 gold pieces
 17035 | D:1      | Learned a level 5 spell: Borgnjor's Vile Clutch
 17215 | D:8      | Killed Joseph
 17216 | D:8      | Reached XP level 12. HP: 87/87 MP: 13/16
 17642 | D:10     | Killed Urug
 17643 | D:10     | Reached skill level 10 in Fighting
 18331 | Lair:1   | Entered Level 1 of the Lair of Beasts
 18437 | Lair:1   | Reached skill level 5 in Invocations
 18738 | Lair:1   | Reached skill level 10 in Dodging
 18972 | Lair:1   | Reached ***** piety under Okawaru
 19386 | Lair:1   | Reached skill level 1 in Shields
 20013 | Lair:1   | Received a gift from Okawaru
 20222 | Lair:2   | Reached skill level 11 in Fighting
 20254 | Lair:2   | Noticed a death yak
 20281 | Lair:2   | Reached skill level 5 in Evocations
 20281 | Lair:2   | Reached XP level 13. HP: 95/95 MP: 17/17
 20514 | Lair:2   | Reached skill level 12 in Fighting
 20528 | Lair:2   | Reached skill level 1 in Throwing
 20836 | Lair:2   | Identified the +2 dagger of the Real Monster {freeze, Str+4
                  | Int-5}
 21402 | Lair:3   | Found a hole to the Spider Nest.
 21442 | Lair:3   | Received a gift from Okawaru
 21937 | Lair:3   | Reached skill level 5 in Throwing
 22494 | Lair:3   | Identified the staff of the Wasteland {+Blink rF+ Int-3
                  | Hexes Fire}
 24512 | Lair:5   | Entered Level 5 of the Lair of Beasts
 24785 | Lair:5   | Reached skill level 10 in Throwing
 24785 | Lair:5   | Reached XP level 14. HP: 53/103 MP: 18/18
 24821 | Lair:5   | Found a gate leading to a gauntlet.
 24829 | Gauntlet | Entered a Gauntlet
 24829 | Gauntlet | Found a transporter.
 24947 | Gauntlet | Found a transporter.
 24959 | Gauntlet | Found a transporter.
 24963 | Gauntlet | Found a transporter.
 24975 | Gauntlet | Found a transporter.
 24993 | Gauntlet | Found a transporter.
 25006 | Gauntlet | Found a transporter.
 25026 | Gauntlet | Found a transporter.
 25030 | Gauntlet | Found a transporter.
 25038 | Gauntlet | Found a transporter.
 25067 | Gauntlet | Found a transporter.
 25067 | Gauntlet | Found a transporter.
 25265 | Gauntlet | Identified the ring of the Forgotten Queens {rC+ Slay+5}
 25412 | Gauntlet | Identified the +1 pair of gloves "Boillira" {Int+3}
 25425 | Gauntlet | Identified the +8 scale mail of the Battered Queens {rC++
                  | rCorr}
 25879 | Lair:5   | Found a viscous altar of Jiyva.
 25879 | Lair:5   | Found a staircase to the Slime Pits.
 26845 | Lair:5   | Received a gift from Okawaru
 27728 | Lair:3   | Reached XP level 15. HP: 95/109 MP: 20/20
 27929 | Lair:3   | Found a staircase to the Swamp.
 28102 | D:10     | Bought a book of Winter for 476 gold pieces
 28106 | D:10     | Learned a level 3 spell: Ozocubu's Armour
 28946 | D:12     | Reached skill level 5 in Ice Magic
 28966 | D:12     | Reached skill level 10 in Long Blades
 29465 | D:13     | Reached skill level 13 in Fighting
 31220 | D:14     | Found an opulent altar of Gozag.
 31934 | D:14     | Found a gate to the Vaults.
 32067 | D:14     | Found a shimmering blue altar of Sif Muna.
 32702 | D:15     | Entered Level 15 of the Dungeon
 33243 | D:15     | Reached XP level 16. HP: 118/118 MP: 18/21
 33264 | D:15     | Reached skill level 5 in Shields
 33268 | D:15     | Noticed Azrael
 33301 | D:15     | Killed Azrael
 33709 | D:15     | Found a staircase to the Depths.
 34571 | D:15     | Reached skill level 14 in Fighting
 35166 | D:11     | Killed Erolcha
 35855 | D:11     | Killed Gastronok
 36096 | Orc:1    | Entered Level 1 of the Orcish Mines
 37021 | Orc:1    | Reached skill level 15 in Throwing
 37193 | Orc:2    | Entered Level 2 of the Orcish Mines
 37256 | Orc:2    | Upgraded the game from 0.31-a0-1363-g282adc679d to
                  | 0.31-a0-1376-g36f0627844
 37697 | Orc:2    | Found Tued's General Store.
 37702 | Orc:2    | Found Boephu Riju's Distillery.
 37990 | Orc:2    | Bought a potion of heal wounds for 70 gold pieces
 37990 | Orc:2    | Bought a potion of might for 56 gold pieces
 38655 | Orc:2    | Noticed TheSeeker391's ghost (journeyman HOFi)
 38656 | Orc:2    | Found a bloodstained altar of Trog.
 38929 | Orc:2    | Found a staircase to the Elven Halls.
 38966 | Orc:2    | Found a transporter.
 38968 | Orc:2    | Found a transporter.
 39049 | Orc:2    | Found Ihamn's Jewellery Shoppe.
 39049 | Orc:2    | Found Damof's Antique Armour Emporium.
 39050 | Orc:2    | Found a one-way gate leading to the halls of Pandemonium.
 39331 | Orc:2    | Bought a +5 ring of evasion for 468 gold pieces
 39331 | Orc:2    | Bought a +6 ring of dexterity for 468 gold pieces
 39468 | Elf:1    | Entered Level 1 of the Elven Halls
 39472 | Elf:1    | Reached skill level 15 in Fighting
 39903 | Elf:1    | Reached XP level 17. HP: 127/127 MP: 22/22
 40184 | Elf:1    | Found Sasomod's Weapon Shoppe.
 40185 | Elf:1    | Found Taxzumn's Antique Weapon Shoppe.
 40185 | Elf:1    | Found Asyafepp's Antique Armour Emporium.
 40338 | Elf:1    | Found Sicle's Antique Weapon Emporium.
 40641 | Elf:1    | Received a gift from Okawaru
 41269 | Abyss:3  | Cast into level 3 of the Abyss (a deep elf sorcerer)
 41282 | Elf:1    | Escaped the Abyss
 41908 | Elf:1    | Received a gift from Okawaru
 41979 | Elf:1    | Identified the +7 arbalest of Capital Punishment
                  | {antimagic, rPois rC+}
 42759 | Elf:2    | Received a gift from Okawaru
 42767 | Elf:2    | Found a runed translucent gate.
 42767 | Elf:2    | Found a runed translucent gate.
 42767 | Elf:2    | Found a runed translucent gate.
 42985 | Elf:1    | Found a shimmering blue altar of Sif Muna.
 43030 | Elf:3    | Entered Level 3 of the Elven Halls
 43030 | Elf:3    | Noticed Donald
 43035 | Elf:3    | Killed Donald
 43189 | Elf:3    | Found Abaizu's Distillery.
 43207 | Elf:3    | Received a gift from Okawaru
 43357 | Elf:3    | Bought a potion of invisibility for 128 gold pieces
 43783 | Elf:3    | Found a large runed translucent door.
 43783 | Elf:3    | Found a large runed translucent door.
 43783 | Elf:3    | Noticed chipmonk's ghost (adept HOHu)
 43922 | Elf:3    | Found Isaifiem's General Store.
 43926 | Elf:3    | Bought a throwing net for 42 gold pieces
 44072 | Elf:3    | Reached skill level 5 in Translocations
 44432 | Elf:3    | Reached XP level 18. HP: 135/135 MP: 24/24
 44646 | Elf:3    | Noticed a deep elf blademaster
 44660 | Elf:3    | Killed a deep elf blademaster
 45180 | Elf:3    | Received a gift from Okawaru
 46305 | Elf:3    | Identified the +8 chain mail of the Northern Lights {rCorr
                  | Str-5 Int+2}
 46305 | Elf:3    | Noticed a deep elf master archer
 46331 | Elf:3    | Killed a deep elf master archer
 46366 | Elf:3    | Identified the +8 lajatang "Iryusess" {speed, rPois rC-
                  | Dex+2 Stlth+}
 46366 | Elf:3    | Identified the ring "Fon Ulal" {rElec rN+ Dex+2 Slay+6
                  | Stlth+}
 46443 | Elf:3    | Reached skill level 16 in Fighting
 46445 | Elf:3    | Identified the amulet "Xahaumm" {RegenMP Int+4}
 46809 | Elf:3    | Noticed a deep elf blademaster
 46823 | Elf:3    | Killed a deep elf blademaster
 46824 | Elf:3    | Reached skill level 5 in Spellcasting
 46855 | Elf:3    | Noticed a deep elf master archer
 47270 | Elf:3    | Killed a deep elf master archer
 47329 | Elf:3    | Found the +8 storm bow {elec, penet}
 47331 | Elf:3    | Found the +7 Spriggan's Knife {stab, EV+4 Stlth+}
 47334 | Elf:3    | Identified the +5 long sword of Zuupoaz {freeze, rCorr
                  | Str+5 Int+3 Dex-5}
 47358 | Elf:3    | Identified the +6 dire flail "Cups" {heavy, rN+}
 47446 | Elf:3    | Got the Atlas of the Green Crater
 47740 | Elf:2    | Reached skill level 10 in Stealth
 48025 | Elf:2    | Noticed a deep elf blademaster
 48038 | Elf:2    | Killed a deep elf blademaster
 48043 | Elf:2    | Noticed Jorgrun
 48165 | Elf:2    | Killed Jorgrun
 49224 | Swamp:1  | Entered Level 1 of the Swamp
 49317 | Swamp:1  | Reached skill level 17 in Fighting
 49984 | Swamp:2  | Received a gift from Okawaru
 50068 | Swamp:2  | Noticed a tentacled monstrosity
 50076 | Swamp:2  | Killed a tentacled monstrosity
 50077 | Swamp:2  | Identified the serpent talisman "Ydufuch" {rC- Str+6}
 50077 | Swamp:2  | Noticed Aizul
 50091 | Swamp:2  | Killed Aizul
 50386 | Swamp:2  | Reached XP level 19. HP: 127/146 MP: 26/26
 50941 | Swamp:3  | Reached skill level 18 in Fighting
 51008 | Swamp:3  | Received a gift from Okawaru
 51499 | Swamp:3  | Reached skill level 1 in Shapeshifting
 51880 | Swamp:4  | Entered Level 4 of the Swamp
 52176 | Swamp:4  | Reached skill level 5 in Shapeshifting
 52454 | Swamp:4  | Received a gift from Okawaru
 53142 | Swamp:4  | Got a decaying rune of Zot
 53323 | Swamp:4  | Learned a level 4 spell: Manifold Assault
 53409 | Spider:1 | Entered Level 1 of the Spider Nest
 53414 | Spider:1 | Received a gift from Okawaru
 54823 | Spider:2 | Noticed Asterion
 54980 | Spider:2 | Killed Asterion
 55031 | Spider:2 | Reached skill level 1 in Earth Magic
 55031 | Spider:2 | Reached skill level 1 in Alchemy
 55092 | Spider:2 | Received a gift from Okawaru
 55356 | Spider:2 | Noticed Arachne
 55357 | Spider:2 | Reached XP level 20. HP: 153/153 MP: 25/27
 55529 | Spider:2 | Killed Arachne
 55530 | Spider:2 | Reached skill level 10 in Shapeshifting
 56261 | Spider:3 | Received a gift from Okawaru
 56867 | Spider:4 | Entered Level 4 of the Spider Nest
 56895 | Spider:4 | Reached skill level 5 in Alchemy
 57025 | Spider:4 | Received a gift from Okawaru
 57423 | Spider:4 | Noticed Roxanne
 57475 | Spider:4 | Killed Roxanne
 58171 | Spider:4 | Received a gift from Okawaru
 58421 | Spider:4 | Got a gossamer rune of Zot
 58960 | Spider:1 | Received a gift from Okawaru
 59593 | Elf:3    | Bought a ring of willpower for 350 gold pieces
 59638 | Elf:3    | Killed chipmonk's ghost
 59814 | Orc:2    | Reached XP level 21. HP: 154/159 MP: 28/28
 59817 | Orc:2    | Killed TheSeeker391's ghost
 59836 | Orc:2    | Identified the +5 spear of Optimality {vamp, rPois}
 59995 | Vaults:1 | Entered Level 1 of the Vaults
 60015 | Vaults:1 | Found a magical portal.
 60027 | WizLab   | Entered Wucad Mu's Monastery
 60664 | Vaults:1 | Identified the +12 falchion of Carved Expedience {freeze,
                  | ^Drain rC+ rN+ Int+3}
 60754 | Vaults:1 | Received a gift from Okawaru
 61046 | Vaults:1 | Reached skill level 15 in Shapeshifting
 61514 | Vaults:1 | Received a gift from Okawaru
 62145 | Vaults:2 | Reached ****** piety under Okawaru
 62149 | Vaults:2 | Acquired a +1 demon blade of draining
 62149 | Vaults:2 | Received a gift from Okawaru
 62150 | Vaults:2 | Acquired the +2 hat of Filth {^Drain rElec rPois Int+4}
 62150 | Vaults:2 | Received a gift from Okawaru
 63423 | Elf:3    | Bought a potion of mutation for 128 gold pieces
 63423 | Elf:3    | Bought a potion of mutation for 128 gold pieces
 63423 | Elf:3    | Bought a potion of curing for 48 gold pieces
 63490 | Elf:1    | Bought a buzzing short sword for 240 gold pieces
 63490 | Elf:1    | Identified the +7 short sword "Goblinslayer" {speed, Int+4
                  | Dex+3} (You bought it in a shop on level 1 of the Elven
                  | Halls)
 63564 | Orc:2    | Bought a wand of roots (3) for 129 gold pieces
 63564 | Orc:2    | Bought a potion of might for 72 gold pieces
 63566 | Orc:2    | Bought a potion of magic for 112 gold pieces
 63566 | Orc:2    | Bought a potion of curing for 42 gold pieces
 63566 | Orc:2    | Bought a potion of ambrosia for 112 gold pieces
 63673 | D:6      | Bought a fine dagger for 175 gold pieces
 63673 | D:6      | Identified the +5 dagger "Puack" {flame, MP+9 Str+3 Int+3}
                  | (You bought it in a shop on level 6 of the Dungeon)
 63843 | Vaults:1 | Learned a level 2 spell: Lesser Beckoning
 64257 | Vaults:2 | Found Botric Hidu's General Store.
 64362 | Vaults:2 | Found Paeddutz's General Store.
 64370 | Vaults:2 | Bought a potion of curing for 51 gold pieces
 64643 | Vaults:3 | Got the Handbook of Nephomancy
 64783 | Vaults:3 | Reached XP level 22. HP: 167/167 MP: 30/30
 64932 | Vaults:3 | Reached skill level 19 in Fighting
 65180 | Vaults:3 | Found a staircase to the Crypt.
 65312 | Vaults:3 | Received a gift from Okawaru
 66099 | Vaults:4 | Received a gift from Okawaru
 66234 | Vaults:4 | Reached skill level 20 in Fighting
 66317 | Vaults:4 | Noticed Mennas
 66962 | Vaults:4 | Killed Mennas
 67017 | Vaults:4 | Found a radiant altar of Vehumet.
 67050 | Vaults:4 | Identified the +0 hat "Ahemoig" {rC++ Dex+3}
 67201 | Vaults:4 | Received a gift from Okawaru
 67328 | Vaults:4 | Reached XP level 23. HP: 159/159 MP: 32/32
 67574 | Vaults:4 | Reached skill level 21 in Fighting
 67854 | Depths:1 | Entered Level 1 of the Depths
 68365 | Depths:1 | Found a gateway to Hell.
 68490 | Depths:1 | Found a one-way gate to the infinite horrors of the Abyss.
 68852 | Depths:1 | Reached skill level 22 in Fighting
 69102 | Depths:2 | Received a gift from Okawaru
 69150 | Depths:2 | You fall into a shaft and drop 2 floors!
 69150 | Depths:4 | Entered Level 4 of the Depths
 69183 | Depths:4 | Reached skill level 10 in Invocations
 69297 | Depths:4 | Found a gate to the Realm of Zot.
 69438 | Depths:4 | Got a midnight gem with 731 turns to spare
 69740 | Depths:4 | Found a radiant altar of Vehumet.
 69943 | Depths:4 | Lost the midnight gem through the power of Zot.
 70273 | Depths:3 | Received a gift from Okawaru
 70335 | Depths:3 | Reached XP level 24. HP: 189/189 MP: 32/32
 70355 | Depths:3 | Found a one-way gateway to a ziggurat.
 70619 | Depths:3 | Reached skill level 15 in Stealth
 71614 | Depths:2 | Gained mutation: You have hidden genetic defects. [a
                  | cacodemon]
 71623 | Depths:2 | Lost mutation: You have hidden genetic defects. [potion of
                  | mutation]
 71623 | Depths:2 | Gained mutation: You expend magic power (3 MP) to
                  | strengthen your wands. [potion of mutation]
 71623 | Depths:2 | Gained mutation: Your flesh is cold resistant. (rC+)
                  | [potion of mutation]
 71623 | Depths:2 | Gained mutation: You are frail. (-10% HP) [potion of
                  | mutation]
 71624 | Depths:2 | Lost mutation: Your flesh is cold resistant. (rC+) [potion
                  | of mutation]
 71624 | Depths:2 | Lost mutation: You expend magic power (3 MP) to strengthen
                  | your wands. [potion of mutation]
 71624 | Depths:2 | Gained mutation: You are weak. (Str -2) [potion of
                  | mutation]
 71624 | Depths:2 | Gained mutation: Your magical capacity is low. (-10% MP)
                  | [potion of mutation]
 71624 | Depths:2 | Gained mutation: You sometimes lose your temper in combat.
                  | [potion of mutation]
 71625 | Depths:2 | Lost mutation: You are frail. (-10% HP) [potion of
                  | mutation]
 71625 | Depths:2 | Lost mutation: You sometimes lose your temper in combat.
                  | [potion of mutation]
 71625 | Depths:2 | Lost mutation: You are weak. (Str -2) [potion of mutation]
 71625 | Depths:2 | Gained mutation: A frigid envelope surrounds you and
                  | freezes all who hurt you. [potion of mutation]
 71687 | Depths:2 | Received a gift from Okawaru
 71905 | Depths:2 | Noticed a juggernaut
 71949 | Depths:2 | Reached skill level 15 in Dodging
 72117 | Depths:2 | Killed a juggernaut
 72212 | Depths:2 | Received a gift from Okawaru
 73199 | Vaults:4 | Learned a level 1 spell: Apportation
 73201 | Vaults:5 | Entered Level 5 of the Vaults
 73304 | Vaults:4 | Reached XP level 25. HP: 191/195 MP: 28/28
 73700 | Vaults:5 | Identified the ring "Xadiz" {rPois rC- Str+6 Slay+3}
 73700 | Vaults:5 | Identified the +6 dagger of a ziggurat {drain, Dex+3}
 73947 | Vaults:5 | Received a gift from Okawaru
 74286 | Vaults:5 | Got a silver rune of Zot
 74463 | Vaults:5 | Received a gift from Okawaru
 74559 | Vaults:5 | Identified the +6 rapier "Atiecvin" {drain, rC+ Stlth+}
 76190 | Elf:3    | Bought a potion of enlightenment for 70 gold pieces
 76855 | Zot:1    | Entered Level 1 of the Realm of Zot
 76892 | Zot:1    | Reached skill level 10 in Evocations
 77175 | Zot:4    | Reached skill level 5 in Earth Magic
 77371 | Zot:5    | Entered Level 5 of the Realm of Zot
 77404 | Zot:5    | Reached XP level 26. HP: 201/201 MP: 28/28
 77425 | Zot:5    | Noticed an orb of fire
 77436 | Zot:5    | Killed an orb of fire
 77449 | Zot:5    | Noticed an orb of fire
 77461 | Zot:5    | Killed an orb of fire
 77462 | Zot:5    | Noticed a Killer Klown
 77462 | Zot:5    | Noticed an orb of fire
 77462 | Zot:5    | Noticed an orb of fire
 77468 | Zot:5    | Gained mutation: You sometimes lose your temper in combat.
                  | [an orb of fire]
 77469 | Zot:5    | Gained mutation: You are dopey. (Int -2) [an orb of fire]
 77470 | Zot:5    | Killed an orb of fire
 77471 | Zot:5    | Noticed an orb of fire
 77472 | Zot:5    | Killed an orb of fire
 77476 | Zot:5    | Killed an orb of fire
 77476 | Zot:5    | Received a gift from Okawaru
 77479 | Zot:5    | Killed a Killer Klown
 77487 | Zot:5    | Noticed an orb of fire
 77489 | Zot:5    | Killed an orb of fire
 77493 | Zot:5    | Noticed an orb of fire
 77497 | Zot:5    | Gained mutation: You occasionally lose the ability to drink
                  | potions when taking damage. [an orb of fire]
 77501 | Zot:5    | Gained mutation: You have hidden genetic defects. [an orb
                  | of fire]
 77504 | Zot:5    | Killed an orb of fire
 77509 | Zot:5    | Noticed a Killer Klown
 77513 | Zot:5    | Killed a Killer Klown
 77611 | Zot:5    | Lost mutation: You occasionally lose the ability to drink
                  | potions when taking damage. [potion of mutation]
 77611 | Zot:5    | Lost mutation: You are dopey. (Int -2) [potion of mutation]
 77611 | Zot:5    | Gained mutation: You are strong-willed. (Will+) [potion of
                  | mutation]
 77612 | Zot:5    | Lost mutation: You are strong-willed. (Will+) [potion of
                  | mutation]
 77612 | Zot:5    | Lost mutation: A frigid envelope surrounds you and freezes
                  | all who hurt you. [potion of mutation]
 77612 | Zot:5    | Lost mutation: You have hidden genetic defects. [potion of
                  | mutation]
 77612 | Zot:5    | Gained mutation: You are dopey. (Int -2) [potion of
                  | mutation]
 77613 | Zot:5    | Lost mutation: Your magical capacity is low. (-10% MP)
                  | [potion of mutation]
 77613 | Zot:5    | Lost mutation: You are dopey. (Int -2) [potion of mutation]
 77613 | Zot:5    | Lost mutation: You sometimes lose your temper in combat.
                  | [potion of mutation]
 77613 | Zot:5    | Gained mutation: You are weak. (Str -2) [potion of
                  | mutation]
 77613 | Zot:5    | Lost mutation: You are weak. (Str -2) [potion of mutation]
 77709 | Zot:5    | Noticed a dread lich
 77715 | Zot:5    | Killed a dread lich
 77752 | Zot:5    | Got a prismatic gem with 257 turns to spare
 77798 | Zot:5    | Noticed a dread lich
 77928 | Zot:5    | Lost the prismatic gem through the power of Zot.
 77958 | Zot:5    | Received a gift from Okawaru
 78021 | Zot:5    | Noticed a dread lich
 78026 | Zot:5    | Noticed an ancient lich
 78033 | Zot:5    | Killed a dread lich
 78038 | Zot:5    | Killed an ancient lich
 78067 | Zot:5    | Noticed a Killer Klown
 78076 | Zot:5    | Killed a Killer Klown
 78150 | Zot:5    | Reached skill level 15 in Long Blades
 78255 | Zot:5    | Killed a dread lich
 78256 | Zot:5    | Reached skill level 10 in Alchemy
 78385 | Zot:5    | Reached XP level 27. HP: 207/207 MP: 32/32
 78385 | Zot:5    | Noticed a dread lich
 78403 | Zot:5    | Killed a dread lich
 78403 | Zot:5    | Received a gift from Okawaru
 78694 | Zot:5    | Reached skill level 10 in Earth Magic
 78700 | Zot:5    | Gained mutation: You occasionally shout uncontrollably at
                  | your foes. [mutagenic glow]
 78927 | Zot:5    | Got the Orb of Zot
 78961 | Zot:5    | Noticed Vemublam the pandemonium lord
 79346 | D:8      | Noticed Jasaroch the pandemonium lord
 79365 | D:8      | Paralysed by Jasaroch for 3 turns
 79462 | D:5      | Noticed Geyttepp the pandemonium lord
 79600 | D:1      | Noticed Zicoed the pandemonium lord
 79606 | D:$      | Escaped with the Orb!

Illustrated notes

Levels and vault maps discovered:
D:1:      dpeg_arrival_ratfight, layout_loops_ring, serial_shops, shop
D:2:      layout_loops_ring, kennysheep_flooded_box, minmay_diced_spiral
D:3:      layout_rooms, nicolae_qazlal_beasts_of_the_sky,
          mainiacjoe_overflow_cross_hatched, mainiacjoe_overflow_alcove_4,
          dreamdust_wishing_well, eino_tiny_chamber, minmay_gold_behind_fungi,
          uniq_sigmund
D:4:      layout_basic, uniq_eustachio, uniq_robin, uniq_pikel
D:5:      layout_basic, overflow_temple_1_default,
          gammafunk_temple_overflow_statue, patterned_corridor
D:6:      layout_basic, serial_shops, shop_fountains,
          hellmonk_ghost_happy_afterlife
D:7:      layout_basic, led_xom_imps, temple_green
D:8:      layout_basic, nicolae_elyvilon_temple_path, erik_lair_island,
          uniq_joseph
D:9:      layout_loops_ring, nicolae_overflow_hidden_temple, serial_glass,
          glass_columns_c, glass_columns_c, minmay_stone_trees_medium,
          minmay_misc_feat_hallway
D:10:     layout_basic, nzn_wu_jian_contemplation, serial_shops, shop,
          st_stairs_11, uniq_urug
D:11:     layout_loops_ring, uniq_erolcha, uniq_gastronok
D:12:     layout_stronghold, minmay_misc_feat_x, laboratory
D:13:     layout_small_grid
D:14:     layout_cave_pools, david_vaults_5, lemuel_tele_altar,
          kennysheep_orc_sif_temple
D:15:     grunt_enter_depths_snipers, layout_layer_cave, nrook_mini_vaults,
          uniq_azrael
Lair:1:   layout_hall_layers, wad_woods_01
Lair:2:   layout_hall_layers, grunt_forest_large_clearing_hut,
          grunt_megastairs_1
Lair:3:   layout_long_grid, palyth_hydra_swamp_entry, spider_nest_entry_webs,
          lemuel_fruit_tree
Lair:4:   layout_cave_pods
Lair:5:   grunt_lair_end_beastmaster, layout_long_grid,
          dpeg_slime_entry_enclosed, gauntlet_entry_generic,
          lemuel_fruit_fields, grunt_megastairs_2, infiniplex_staircase_pool_2
Swamp:1:  layout_basic_swamp, nicolae_swamp_small_spring
Swamp:2:  layout_basic_swamp, evilmike_swamp_ruin_house_3, swamp_pool_3,
          nicolae_swamp_frolicking_bunyips, nicolae_swamp_tree_isthmus,
          uniq_aizul
Swamp:3:  layout_falls_marsh, nicolae_swamp_little_tower, st_swamp_ruins_3
Swamp:4:  swamp_basic_johnstein, layout_basic_swamp
Spider:1: layout_chambers, nicolae_spider_some_kinda_spiderbox,
          hangedman_spider_tarantella_strand
Spider:2: spiders_nest_a, uniq_arachne, uniq_asterion
Spider:3: layout_spider_delve, hellmonk_deceptive_appearances
Spider:4: johnstein_spider_rune_arachne_lair, nicolae_spider_paper_wasps,
          uniq_roxanne
Orc:1:    hellmonk_paralyzer, layout_diamond_mine
Orc:2:    pf_orc_diabolical, layout_caves, gammafunk_ghost_wrathful_warriors,
          basic_altar
Elf:1:    minmay_elf_arrival_circle, layout_loops_corners,
          kennysheep_underground_church, minmay_shoptagon, lemuel_upstairs_altar
Elf:2:    elven_hall_of_blades_hangedman_original
          [nicolae_blade_entry_antechamber], layout_rooms, minivault_25,
          uniq_jorgrun
Elf:3:    elf_hall_gauntlet_wide, layout_geoelf_octagon, serial_shops, shop,
          shop, ebering_ghost_disaster_area, uniq_donald
Vaults:1: infiniplex_enter_wizlab_water, nicolae_vaults_tangram_1,
          nicolae_vaults_more_shelving_1, nicolae_vaults_house_2,
          nicolae_vaults_trapezoid_3, vaults_dpeg_emergency_exit,
          vaults_room_door_ring, nicolae_vaults_network_star,
          nicolae_vaults_network_quincunx
          [nicolae_vaults_network_quincunx_subvault,
          nicolae_vaults_network_quincunx_subvault,
          nicolae_vaults_network_quincunx_subvault,
          nicolae_vaults_network_quincunx_subvault,
          nicolae_vaults_network_quincunx_subvault],
          nicolae_vaults_layer_cake_slice, vaults_room_fancy_cross,
          vaults_room_pool, nicolae_vaults_shelves_hall,
          nicolae_vaults_steering_wheel, v_pattern_2,
          nicolae_vaults_weapon_check, nicolae_vaults_lightning_bolt,
          ontoclasm_vaults_claustrophobia, ontoclasm_vaults_ring_large,
          nicolae_vaults_little_squares_4, layout_vaults_maze_bifur
Vaults:2: nicolae_vaults_closet_pinwheel_4, v_misc_1,
          nicolae_vaults_trapezoid_2, grunt_vaults_swirl, grunt_vaults_funnel,
          v_misc_14, vaults_room_stairs_pillars, hangedman_vaults_nails,
          v_misc_22, vaults_room_door_ring, vaults_room_octagon,
          nicolae_vaults_circle_grid_b, nicolae_vaults_six-pack,
          layout_vaults_omnibox, serial_shops, shop, shop_coins
Vaults:3: nicolae_vaults_shelves_hall, nicolae_vaults_rhombus_5,
          minmay_crypt_entry_simple_plaza, nicolae_vaults_two_Ls,
          vaults_room_pool, v_misc_14, v_rooms_4,
          nicolae_vaults_corridor_and_loot_room,
          nicolae_vaults_trapezoid_lopsided_4, v_alt_pattern_2,
          nicolae_vaults_diamond_2, v_misc_19, hangedman_vaults_cutoff,
          vaults_room_pools, layout_vaults_big_cross, serial_magic_research,
          hangedman_research_convocations, hangedman_research_electronics
Vaults:4: grunt_tower_of_power, v_misc_33, nicolae_vaults_network_barrier,
          nicolae_vaults_three_branches, vaults_room_stairs_pillars,
          nicolae_vaults_spaceships, nicolae_vaults_stairing_the_circle,
          hangedman_vaults_maws, nicolae_vaults_little_ls,
          nicolae_vaults_house_3, nicolae_vaults_house_2,
          nicolae_vaults_apartment_2, nicolae_vaults_variable_pillar_hall,
          layout_vaults_ring, uniq_mennas
Vaults:5
Depths:1: layout_basic, grunt_hell_entry_dis_mu, abyss_entry_small_statue_room,
          nicolae_twisty_statue_hallways
Depths:2: minmay_tile_spiral, layout_cave_pools, abyss_entry, hellmouth_1,
          rand_demon_pan_entry_5, minivault_14
Depths:3: grunt_house_of_mirrors, layout_cross, enter_ziggurat_b,
          abyss_entry_glasseish, hell_entry, infiniplex_staircase_zigzag_5,
          serial_bayou_shore_b
Depths:4: evilmike_zot_entry_diamond, layout_gridlike, fiery_altar_vehumet,
          hellmouth_2, serial_library_hellmonk_recessed_alcove, drop_trap
Zot:1:    layout_twisted_circle, gammafunk_ghost_tricky_traps
Zot:2:    cheibrodos_zot_enchanting_chambers, layout_gridlike
Zot:3:    layout_basic, hangedman_zot_decor_slant, lemuel_baited_zot_trap
Zot:4:    grunt_twist_and_shout, layout_onion,
          regret_index_zotdec_gossamer_parallel
Zot:5:    layout_misc_corridors

Skill      XL: |  1  2  3  4  5  6  7  8  9 10 11 12 13 14 15 16 17 18 19 20 21 22 23 24 25 26 27 |
---------------+----------------------------------------------------------------------------------+-----
Evocations     | 3 5 10 13 | 13.8
Dodging        | 1 2 3 5 7 9 11 12 13 15 17 | 17.2
Fighting       | 4 5 6 8 9 11 12 13 15 17 18 20 22 | 22.0
Spellcasting   | 1 2 3 5 6 |  6.0
Summonings     | 2 3 |  3.9
Invocations    | 2 3 4 6 7 9 11 12 | 12.0
Stealth        | 6 7 8 12 14 17 | 17.3
Long Blades    | 3 7 8 9 10 11 12 14 15 | 15.3
Ice Magic      | 3 4 7 |  7.7
Translocations | 4 5 6 8 |  8.0
Shields        | 2 4 6 8 |  8.0
Throwing       | 10 12 13 15 17 18 | 18.0
Shapeshifting  | 9 13 16 | 16.0
Earth Magic    | 1 4 5 9 10 | 10.3
Alchemy        | 2 5 6 10 11 | 11.0
Axes           | |  3.0
Maces & Flails | |  2.0

Action                     |  1- 3 |  4- 6 |  7- 9 | 10-12 | 13-15 | 16-18 | 19-21 | 22-24 | 25-27 || total
---------------------------+-------+-------+-------+-------+-------+-------+-------+-------+-------++-------
  Melee: Hand axe          |    74 |    52 |   146 |       |       |       |       |       |       ||   272
         Constrict         |    16 |    15 |    70 |    63 |    97 |   179 |   216 |   144 |    68 ||   868
         Tentacles         |     7 |    10 |    65 |   159 |   266 |   280 |   349 |   390 |   245 ||  1771
         Punch             |     1 |     1 |     6 |    19 |    27 |    36 |    45 |    32 |    34 ||   201
         Falchion          |       |       |    60 |   345 |       |       |       |       |       ||   405
         Dagger            |       |       |    68 |     4 |     3 |     1 |       |       |       ||    76
         Flail             |       |       |     3 |       |       |       |       |       |       ||     3
         Scimitar          |       |       |       |   151 |   798 |   845 |   969 |       |       ||  2763
         Knife             |       |       |       |       |       |    56 |    53 |       |       ||   109
         Demon blade       |       |       |       |       |       |       |    72 |  1034 |   636 ||  1742
  Throw: Stone             |     1 |     1 |     7 |       |       |       |       |       |       ||     9
         Dart              |       |       |     6 |    19 |    10 |     2 |       |     2 |     1 ||    40
         Boomerang         |       |       |    28 |    27 |   150 |   163 |   175 |       |       ||   543
         Javelin           |       |       |       |     4 |    27 |    72 |     5 |    24 |    75 ||   207
         Throwing net      |       |       |       |       |       |     1 |       |       |       ||     1
   Cast: Frozen Ramparts   |       |       |       |     1 |     4 |       |       |       |       ||     5
         Passwall          |       |       |       |     1 |       |       |       |     4 |     6 ||    11
         Blink             |       |       |       |       |     5 |     2 |     2 |     1 |       ||    10
         Ozocubu's Armour  |       |       |       |       |     2 |       |     1 |       |       ||     3
         Apportation       |       |       |       |       |       |       |       |       |     6 ||     6
 Invoke: Heroism           |       |       |     7 |    34 |    58 |    49 |    29 |    19 |    23 ||   219
         Finesse           |       |       |       |       |       |     3 |     1 |     1 |     5 ||    10
         Receive Weapon    |       |       |       |       |       |       |     1 |       |       ||     1
         Receive Armour    |       |       |       |       |       |       |     1 |       |       ||     1
  Evoke: Wand              |       |     8 |    17 |    17 |     2 |    12 |     1 |       |     2 ||    59
         Lightning rod     |       |       |       |       |       |     2 |     1 |       |       ||     3
         Phial of floods   |       |       |       |       |       |     1 |     1 |       |       ||     2
    Use: Scroll            |     8 |     3 |     9 |     8 |    16 |     9 |    12 |     8 |    15 ||    88
         Potion            |       |     1 |     1 |     2 |     4 |     1 |     5 |     3 |    16 ||    33
   Stab: Sleeping          |     8 |     4 |    15 |     7 |    11 |    24 |    63 |    30 |     5 ||   167
         Distracted        |       |       |     1 |     1 |     2 |     8 |     9 |     6 |     1 ||    28
         Invisible         |       |       |       |     3 |       |     1 |       |       |       ||     4
         Held in net/web   |       |       |       |       |       |       |     1 |       |       ||     1
 Armour: Skin              |    32 |    18 |   160 |   141 |   224 |   195 |   309 |   399 |   218 ||  1696
  Dodge: Dodged            |    35 |    22 |   195 |   350 |   498 |   423 |   950 |  1070 |   674 ||  4217
  Block: Buckler           |       |       |       |    28 |   149 |       |       |       |       ||   177
         Kite shield       |       |       |       |       |    41 |   518 |  1109 |  1437 |   771 ||  3876
         Reflection        |       |       |       |       |       |       |     7 |    45 |     7 ||    59
   Form: Statue            |       |       |       |       |       |       |     1 |       |       ||     1

Table legend: (Time is in decaauts)
 A = Elapsed time spent in this place.
 B = Non-inter-level travel time spent in this place.
 C = Inter-level travel time spent in this place.
 D = Time resting spent in this place.
 E = Time spent auto-exploring this place.
 F = Levels seen in this place.
 G = Mean time per level.
                   A        B        C        D        E       F      G
               +--------+--------+--------+--------+--------+-----+--------+
         Total |  89133 |  76838 |  12295 |  24610 |  32280 |  50 | 1782.7 |
       Dungeon |  29223 |  23942 |   5281 |   8076 |   9392 |  15 | 1948.2 |
          Lair |   9505 |   8533 |    972 |   2862 |   3459 |   5 | 1901.0 |
         Swamp |   4080 |   3839 |    241 |   1025 |   1824 |   4 | 1020.0 |
   Spider Nest |   6873 |   6179 |    694 |   2069 |   2794 |   4 | 1718.2 |
  Orcish Mines |   3718 |   3119 |    599 |   1519 |    763 |   2 | 1859.0 |
   Elven Halls |  11088 |   8882 |   2206 |   4952 |   1919 |   3 | 3696.0 |
        Vaults |  13211 |  11936 |   1275 |   1432 |   7771 |   5 | 2642.2 |
        Depths |   7550 |   6902 |    648 |   1330 |   3792 |   4 | 1887.5 |
           Zot |   3135 |   2760 |    375 |   1126 |    313 |   5 |  627.0 |
         Abyss |     12 |     12 |      0 |      0 |      0 |   1 |   12.0 |
        Wizlab |    101 |    101 |      0 |      0 |      0 |   1 |  101.0 |
      Gauntlet |    633 |    633 |      0 |    214 |    250 |   1 |  633.0 |
               +--------+--------+--------+--------+--------+-----+--------+

Top non-repeatable levels by time:
   Elf:3: 5690 daAuts
Vaults:5: 3354 daAuts
Vaults:4: 3064 daAuts
   Elf:1: 2802 daAuts
    D:11: 2634 daAuts
     D:8: 2628 daAuts
     D:9: 2628 daAuts
   Elf:2: 2595 daAuts
    D:12: 2567 daAuts
   Orc:2: 2550 daAuts
Vaults:1: 2537 daAuts
Spider:1: 2429 daAuts
Spider:4: 2403 daAuts
    D:15: 2397 daAuts
  Lair:5: 2385 daAuts
